 Dungeon Crawl Stone Soup version 0.24.0-5-g267a8d59f4 (webtiles) character file.

Game seed: 8587580581688342693, levelgen mode: deterministic

1903 Esekla the Cutter (level 9, -14/58 HPs)
             Began as an Octopode Skald on Nov 1, 2019.
             Was a Follower of Dithmenos.
             Demolished by an orc warrior
             ... wielding a +0 halberd
              (25 damage)
             ... on level 8 of the Dungeon.
             The game lasted 00:45:59 (6842 turns).

Esekla the Cutter (Octopode Skald)                  Turns: 6842, Time: 00:46:01

Health: -14/58     AC:  1    Str: 10 (11) XL:     9   Next: 15%
Magic:  8/14       EV: 15    Int: 14 (15) God:    Dithmenos [*.....]
Gold:   205        SH:  0    Dex: 11 (14) Spells: 2/14 levels left

rFire    . . .     SeeInvis .   v - +3 rapier (venom)
rCold    . . .     Gourm    .   (no shield)
rNeg     . . .     Faith    .   o - +0 hat
rPois    +         Spirit   .   y - amulet of harm
rElec    .         Reflect  .   i - ring of poison resistance
rCorr    .         Harm     +   (no ring)
MR       .....                  (no ring)
Stlth    ++++......             (no ring)
HPRegen  1.19/turn              (no ring)
MPRegen  0.14/turn              (no ring)
                                (no ring)
                                (no ring)

@: marked, very slightly contaminated, regenerating, wreathed by umbra
A: almost no armour, stealthy swim, amphibious, 8 rings, constrict 8, camouflage
1, gelatinous body 1
a: Renounce Religion


You were on level 8 of the Dungeon.
You worshipped Dithmenos.
Dithmenos was aware of your devotion.
You were not hungry.

You visited 2 branches of the dungeon, and saw 9 of its levels.

You collected 205 gold pieces.

Inventory:

Hand Weapons
 a - a +0 falchion
 d - a +3 rapier of draining
 e - a +1 dagger of electrocution
 j - a +0 dagger of flaming
 m - the +2 short sword "Glorpo" {antimagic, Dex+2}
   (You found it on level 5 of the Dungeon)

   It reduces the magical energy of the wielder, and disrupts the spells and
   magical abilities of those hit.
   Natural abilities and divine invocations are not affected.
   It affects your dexterity (+2).
 s - a +2 spear of venom
 t - a +5 trident
 v - a +3 rapier of venom (weapon)
Missiles
 b - 33 poisoned darts
 h - 4 javelins
 D - 2 silver javelins
 H - 7 boomerangs (quivered)
Armour
 o - a +0 hat (worn)
Jewellery
 i - a ring of poison resistance (left tentacle)
 l - an uncursed ring of flight
 p - an uncursed ring of ice
 y - an amulet of harm (around mantle)
Wands
 u - a wand of scattershot (7)
 I - a wand of flame (27)
Scrolls
 n - a scroll of remove curse
 B - a scroll of fear
Potions
 f - a potion of berserk rage
 k - 3 potions of lignification
 q - a potion of ambrosia
 r - a potion of agility
 z - a potion of resistance
 A - 2 potions of flight
Comestibles
 c - 10 rations


   Skills:
 + Level 4.1 Fighting
 * Level 5.2(5.7) Short Blades
 + Level 3.3(4.8) Long Blades
 + Level 1.7 Polearms
 + Level 4.6 Dodging
 + Level 4.5 Stealth
 + Level 3.4 Spellcasting
 - Level 3.0 Charms
 * Level 4.4 Necromancy
 * Level 4.1 Translocations


You had 2 spell levels left.
You knew the following spells:

 Your Spells              Type           Power        Failure   Level  Hunger
a - Apportation           Tloc           ##....       3%          1    #......
b - Shroud of Golubria    Chrm/Tloc      ##....       8%          2    ##.....
c - Song of Slaying       Chrm           ##......     9%          2    ##.....
e - Spectral Weapon       Hex/Chrm       #.......     32%         3    ###....
g - Regeneration          Chrm/Necr      ##........   13%         3    ###....
i - Infusion              Chrm           ##..         6%          1    #......

Your spell library contained the following spells:

 Spells                   Type           Power        Failure   Level  Hunger
 Animate Skeleton         Necr           N/A          3%          1    #......
 Confusing Touch          Hex            #.....       21%         1    #......
 Summon Small Mammal      Summ           #...         21%         1    #......


Dungeon Overview and Level Annotations

Branches:
Dungeon (8/15)             Temple (1/1) D:4
   Lair: D:8-11

Altars:
Cheibriados
Dithmenos
Elyvilon
Gozag
Hepliaklqana
Nemelex Xobeh
Okawaru
Sif Muna
Trog
Uskayaw
Vehumet
Wu Jian
Xom
Zin
The Shining One

Annotations:
D:8 Harold


Innate Abilities, Weirdness & Mutations

You cannot wear most types of armour.
You are very stealthy in the water. (Stealth+)
You are amphibious.
You can wear up to eight rings at the same time.
You can use your tentacles to constrict eight enemies at once.
Your skin changes colour to match your surroundings (Stealth+).
Your rubbery body absorbs attacks. (AC +1, EV +1)


Message History

Your skin crawls.
You constrict Harold, but do no damage. The adder closely misses you.
Harold hits you with a +0 flail!!
* * * LOW HITPOINT WARNING * * *
The adder bites you.
* * * LOW HITPOINT WARNING * * *
It was a potion of degeneration.
There was something very wrong with that liquid.
You feel weakened.
You feel dopey.
You feel clumsy.
You constrict Harold, but do no damage.
You feel sick. The adder barely misses you. Harold hits you but does no damage.
You feel better.
You constrict Harold. The adder closely misses you. The orc warrior misses you.
A jelly comes into view.
A sky beast comes into view.
You feel better.
You constrict Harold, but do no damage. The adder barely misses you.
Harold hits you with a +0 flail.
* * * LOW HITPOINT WARNING * * *
The orc hits you.
* * * LOW HITPOINT WARNING * * *
The orc warrior hits you from afar with a +0 halberd!!
You die...

.. .### ...##
.. ....# ...
....#
.....####J...#
.....#o#.@.#
.Y....oo@#
.....#..S###
##..#..##.#
...#.......###
.......).....#
........<#.###
.........###
..>.....##
.....####


You could see Harold, an orc warrior, a sky beast, a jelly, an orc priest, an
adder and an orc.

Vanquished Creatures
  A two-headed ogre (D:8)
  Prince Ribbit (D:6)
  Eustachio (D:4)
  Duvessa (D:4)
  3 bullfrogs
  Dowan (D:4)
  A howler monkey (D:4)
  A crimson imp (D:5)
  A centaur skeleton (D:4)
  3 orc wizards
  An iguana (D:5)
  Ijyb (D:4)
  3 worker ants
  14 gnolls
  5 adders
  An ooze (D:5)
  An adder zombie (D:6)
  A worm (D:2)
  2 dart slugs (D:1)
  7 leopard geckos
  6 orcs
  3 bats
  8 giant cockroaches
  4 goblins
  4 hobgoblins
  11 jackals
  9 frilled lizards
  A jackal zombie (D:5)
  8 kobolds
  A leopard gecko skeleton (D:5)
  7 rats
  A bush (D:1)
113 creatures vanquished.

Vanquished Creatures (others)
  A hobgoblin (D:2)
1 creature vanquished.

Grand Total: 114 creatures vanquished

Notes
Turn   | Place    | Note
-------+----------+-------------------------------------------
     0 | D:1      | Esekla the Octopode Skald began the quest for the Orb.
     0 | D:1      | Reached XP level 1. HP: 14/14 MP: 3/3
   114 | D:1      | Reached XP level 2. HP: 19/19 MP: 5/5
  1233 | D:2      | Reached XP level 3. HP: 16/25 MP: 6/6
  1238 | D:2      | Learned a level 2 spell: Shroud of Golubria
  1242 | D:2      | Learned a level 3 spell: Regeneration
  1675 | D:2      | Reached XP level 4. HP: 16/30 MP: 4/7
  2137 | D:3      | Reached skill level 1 in Translocations
  2244 | D:3      | Reached skill level 1 in Necromancy
  2408 | D:3      | Reached XP level 5. HP: 24/36 MP: 8/8
  2561 | D:3      | Learned a level 2 spell: Song of Slaying
  3080 | D:4      | Noticed Dowan
  3331 | D:4      | Noticed Duvessa
  3332 | D:4      | Noticed Eustachio
  3359 | D:4      | Killed Duvessa
  3359 | D:4      | Reached skill level 1 in Polearms
  3359 | D:4      | Reached XP level 6. HP: 8/42 MP: 4/9
  3659 | D:4      | Noticed Ijyb
  3671 | D:4      | Killed Ijyb
  3869 | D:4      | Killed Dowan
  3959 | D:4      | Found a hide-covered altar of Uskayaw.
  3973 | D:4      | Killed Eustachio
  3973 | D:4      | Reached skill level 1 in Short Blades
  3973 | D:4      | Reached skill level 1 in Stealth
  3973 | D:4      | Reached XP level 7. HP: 23/46 MP: 5/11
  4213 | D:4      | Found a glowing golden altar of the Shining One.
  4213 | D:4      | Found a shimmering altar of Xom.
  4314 | D:4      | Found a staircase to the Ecumenical Temple.
  4332 | Temple   | Entered the Ecumenical Temple
  4447 | Temple   | Became a worshipper of Dithmenos the Shadowed
  4469 | D:5      | Entered Level 5 of the Dungeon
  4710 | D:5      | Reached skill level 2 in Short Blades
  4759 | D:5      | Found an opulent altar of Gozag.
  4759 | D:5      | Found a glowing silver altar of Zin.
  5185 | D:6      | Noticed Prince Ribbit
  5319 | D:6      | Killed Prince Ribbit
  5319 | D:6      | Reached skill level 3 in Short Blades
  5319 | D:6      | Reached XP level 8. HP: 32/54 MP: 7/12
  5389 | D:6      | Learned a level 3 spell: Spectral Weapon
  5392 | D:6      | Learned a level 1 spell: Apportation
  6197 | D:5      | Reached * piety under Dithmenos
  6204 | D:5      | Got a crystal short sword
  6219 | D:5      | Identified the +2 short sword "Glorpo" {antimagic, Dex+2}
                  | (You found it on level 5 of the Dungeon)
  6246 | D:5      | Found a bloodstained altar of Trog.
  6594 | D:7      | Reached skill level 4 in Short Blades
  6730 | D:8      | Noticed a two-headed ogre
  6735 | D:8      | Killed a two-headed ogre
  6735 | D:8      | Reached skill level 5 in Short Blades
  6735 | D:8      | Reached XP level 9. HP: 24/58 MP: 12/14
  6745 | D:8      | Identified a scroll of acquirement
  6835 | D:8      | Noticed Harold
  6842 | D:8      | Demolished by an orc warrior

Levels and vault maps discovered:
D:1:      dpeg_arrival_rhombus, layout_basic, serial_forest,
          infiniplex_forest_clump_tiny, infiniplex_forest_clump_small,
          infiniplex_forest_corner_1, infiniplex_forest_lined_room_2,
          infiniplex_forest_join, infiniplex_forest_end_1,
          infiniplex_forest_lined_3_way, infiniplex_forest_clump_curved,
          infiniplex_forest_end_3, chequers_serial_rivers_large_a
D:2:      layout_rooms, minmay_strange_pillars, serial_park_tiny_1,
          lemuel_old_faithful
D:3:      layout_loops_ring
D:4:      layout_gridville, kennysheep_mini_moat,
          amethyst_overflow_temple_binary, temple_green, uniq_duvessa,
          uniq_eustachio, uniq_ijyb
D:5:      layout_cave_pools, grunt_temple_overflow_gold_and_silver,
          first_ration, minmay_ruined_shrine
D:6:      layout_loops_ring, uniq_prince_ribbit1
D:7:      layout_rooms
D:8:      hangedman_cross_veins, layout_cave_pools,
          grunt_temple_overflow_growth_and_decay, minmay_overflow_temple_hex,
          enter_bailey_3, hangedman_pestilent_swarm, uniq_harold
Temple:   nicolae_temple_figure_zero

Skill      XL: |  1  2  3  4  5  6  7  8 |
---------------+-------------------------+-----
Dodging        | 3 4 |  4.6
Translocations | 1 2 3 4 |  4.1
Necromancy     | 1 3 4 |  4.4
Fighting       | 3 4 |  4.1
Long Blades    | 3 |  3.3
Polearms       | 1 |  1.7
Short Blades   | 1 3 5 |  5.2
Stealth        | 1 2 4 |  4.5
Spellcasting   | 3 |  3.4
Charms         | |  3.0

Action                   |  1- 3 |  4- 6 |  7- 9 || total
-------------------------+-------+-------+-------++-------
Melee: Falchion          |   149 |    47 |       ||   196
       Constrict         |    14 |    30 |    25 ||    69
       Tentacles         |    42 |    19 |    13 ||    74
       Spear             |       |    32 |       ||    32
       Rapier            |       |    26 |    60 ||    86
       Dagger            |       |       |    35 ||    35
       Trident           |       |       |     2 ||     2
Throw: Boomerang         |     2 |     6 |     3 ||    11
 Cast: Shroud of Golubri |     1 |    11 |     2 ||    14
       Regeneration      |     1 |     3 |    10 ||    14
       Apportation       |       |       |     1 ||     1
       Song of Slaying   |       |       |     1 ||     1
  Use: Scroll            |     3 |       |    13 ||    16
       Potion            |       |     1 |     3 ||     4
 Stab: Sleeping          |     6 |     7 |     9 ||    22
       Distracted        |       |     1 |       ||     1
  Eat: Chunk             |     2 |     9 |     8 ||    19
       Ration            |       |       |     1 ||     1
Armor: Skin              |     3 |     8 |     5 ||    16
Dodge: Dodged            |    35 |    68 |    61 ||   164
       Rpst.: Falchion   |    10 |     9 |       ||    19
